 Dungeon Crawl Stone Soup version 0.22-a0-396-g3f858e3 (webtiles) character file.

17 VajrapaniSR the Chucker (level 2, 0/19 HPs)
             Began as an Octopode Hunter on May 3, 2018.
             Succumbed to an adder's poison
             ... on level 3 of the Dungeon.
             The game lasted 00:01:19 (236 turns).

VajrapaniSR the Chucker (Octopode Hunter)            Turns: 236, Time: 00:01:19

Health: 0/19       AC:  1    Str: 16    XL:     2   Next: 62%
Magic:  2/2        EV: 13    Int: 13    God:
Gold:   7          SH:  0    Dex: 12    Spells: 1/1 levels left

rFire    . . .     SeeInvis .     - Unarmed
rCold    . . .     Gourm    .   (no shield)
rNeg     . . .     Faith    .   (helmet restricted)
rPois    .         Spirit   .   (no amulet)
rElec    .         Reflect  .   (no ring)
rCorr    .         Harm     .   (no ring)
MR       .....                  (no ring)
Stlth    +++.......             (no ring)
HPRegen  0.06/turn              (no ring)
MPRegen  0.08/turn              (no ring)
                                (no ring)
                                (no ring)

@: mighty, lethally poisoned (0 -> -5)
A: almost no armour, stealthy swim, amphibious, 8 rings, constrict 8, camouflage
1, gelatinous body 1
a: no special abilities


You were on level 3 of the Dungeon.
You were not hungry.

You visited 1 branch of the dungeon, and saw 3 of its levels.

You collected 7 gold pieces.

Inventory:

Missiles
 b - 6 javelins (quivered)
 c - 2 throwing nets
Scrolls
 a - a scroll of amnesia {unknown}
 g - a scroll of remove curse {unknown}
Comestibles
 d - 3 rations {@w1}
 f - 6 chunks of flesh


   Skills:
 - Level 2.0 Fighting
 - Level 4.0 Throwing
 - Level 2.0 Dodging
 + Level 2.3 Stealth
 * Level 1.7 Unarmed Combat


You had one spell level left.
You didn't know any spells.

Dungeon Overview and Level Annotations

Branches:
Dungeon (3/15)

Altars:


Innate Abilities, Weirdness & Mutations

You cannot wear most types of armour.
You are very stealthy in the water. (Stealth+)
You are amphibious.
You can wear up to eight rings at the same time.
You can use your tentacles to constrict eight enemies at once.
Your skin changes colour to match your surroundings (Stealth+).
Your rubbery body absorbs attacks. (AC +1, EV +1)


Message History

Unknown command.
You miss the adder. Your grab misses the adder.
The adder is moderately wounded.
* * * LOW HITPOINT WARNING * * *
You feel sick.
The kobold throws a stone.
The stone misses you. The adder bites you.
* * * LOW HITPOINT WARNING * * *
You miss the adder. You grab the adder.
The adder is moderately wounded.
You constrict the adder. The adder misses you.
Unknown command.
You bludgeon the adder!
You kill the adder!
A kobold comes into view.
You closely miss the kobold. You grab the kobold.
You kill the kobold!
* * * LOW HITPOINT WARNING * * *
You feel sick.
You see here a kobold corpse.
You die...

#.#####.## <..
#........# #.
#.#
#######..#...
#.# ######....#
#.# #)......###
#.# ##.###.###
#.# ##.#.#..#
##.#####.###..##
#†(.@...## #..#
#.†#####.# #.##
#..# #.#g. #.K#
..#. #..# ..#.
#..# .. #... #.
#..# .. ...#


There were no monsters in sight!

Vanquished Creatures
  An adder (D:3)
  A worm (D:2)
  A giant cockroach (D:1)
  A goblin (D:2)
  A quokka (D:2)
  A kobold (D:3)
6 creatures vanquished.

Notes
Turn   | Place    | Note
-------+----------+-------------------------------------------
     0 | D:1      | VajrapaniSR the Octopode Hunter began the quest for the Orb.
     0 | D:1      | Reached XP level 1. HP: 14/14 MP: 1/1
   139 | D:2      | Reached skill level 1 in Unarmed Combat
   144 | D:2      | Reached XP level 2. HP: 7/19 MP: 2/2
   236 | D:3      | Succumbed to an adder's poison

Vault maps used:
D:1:      erik_arrival_orb_chamber, minmay_misc_feat_rows, nrook_loot_triangle
D:2:      lemuel_doored_altar, gammafunk_temple_overflow_statue, first_ration
D:3:      kennysheep_ying_yang, nicolae_qazlal_style_of_elements, uniq_sigmund

Skill      XL: |  1 |
---------------+----+-----
Unarmed Combat | 1 |  1.7
Stealth        | 2 |  2.3
Fighting       | |  2.0
Throwing       | |  4.0
Dodging        | |  2.0

Action                   || total
-------------------------++-------
Melee: Unarmed           ||    17
       Constrict         ||     5
       Tentacles         ||     3
Throw: Javelin           ||     3
  Use: Potion            ||     1
 Stab: Sleeping          ||     3
Dodge: Dodged            ||    10

Table legend:
 A = Spawn XP
 B = Non-spawn XP
 C = Spawn XP percentage of total XP
 D = Spawn monster count
 E = Non-spawn monster count
 F = Spawn count percentage of total count
 G = Total turns spent on level
                    A         B        C        D         E        F      G
               +---------+---------+-------+---------+---------+-------+---------
         Total |       0 |      25 |   0.0 |       0 |       6 |   0.0 |   236
               +---------+---------+-------+---------+---------+-------+---------
           D:1 |       0 |       2 |   0.0 |       0 |       1 |   0.0 |   112
           D:2 |       0 |       9 |   0.0 |       0 |       3 |   0.0 |    90
           D:3 |       0 |      14 |   0.0 |       0 |       2 |   0.0 |    34
               +---------+---------+-------+---------+---------+-------+---------
